 Dungeon Crawl Stone Soup version 0.29-a0-284-gf9362112df (webtiles) character file.

Game seed: 12455065625341133574

9 pascalblue the Caller (level 2, -1/15 HPs)
             Began as a Deep Elf Summoner on Mar 30, 2022.
             Slain by a jackal (2 damage)
             ... on level 1 of the Dungeon.
             The game lasted 00:01:02 (335 turns).

pascalblue the Caller (Deep Elf Summoner)            Turns: 335, Time: 00:01:02

Health: -1/15      AC:  2    Str:  5    XL:     2   Next: 6%
Magic:  5/8        EV: 13    Int: 19    God:
Gold:   42         SH:  0    Dex: 15    Spells: 6/7 levels left

rFire   . . .      SeeInvis .   (no weapon)
rCold   . . .      Faith    .   (no shield)
rNeg    . . .      Spirit   .   a - +0 robe
rPois   .          Reflect  .   (no helmet)
rElec   .          Harm     .   (no cloak)
rCorr   .          Rampage  .   (no gloves)
Will    .....                   (no boots)
Stlth   ++........              (no amulet)
HPRegen 0.05/turn               (no ring)
MPRegen 0.11/turn               (no ring)

@: no status effects
A: no striking features
a: no special abilities


You were on level 1 of the Dungeon.
You visited 1 branch of the dungeon, and saw 1 of its levels.

You collected 42 gold pieces.

Inventory:

Armour
 a - a +0 robe (worn)
Scrolls
 c - a scroll of silence {unknown}
 d - a scroll of teleportation {unknown}
Potions
 b - a potion of magic


   Skills:
 + Level 2.7 Dodging
 + Level 2.7 Stealth
 + Level 3.2 Spellcasting
 + Level 4.5 Summonings


You had 6 spell levels left.
You knew the following spells:

 Your Spells              Type           Power      Damage    Failure   Level
a - Summon Small Mammal   Summ           80%        N/A       2%          1

Your spell library contained the following spells:

 Spells                   Type           Power      Damage    Failure   Level
 Call Imp                 Summ           20%        N/A       3%          2
 Call Canine Familiar     Summ           20%        N/A       7%          3
 Summon Guardian Golem    Hex/Summ       11%        N/A       17%         3
 Summon Lightning Spire   Summ/Air       11%        N/A       50%         4


Dungeon Overview and Level Annotations

Branches:
Dungeon (1/15)

Altars:


Message History

The jackal bites your bat but does no damage.
The jackal barely misses your bat.
Your bat hits the jackal. You hit the giant cockroach.
The giant cockroach is severely wounded.
Your bat hits the jackal but does no damage.
Your bat hits the giant cockroach but does no damage.
The jackal bites your bat.
Your bat dies!
Your bat's corpse disappears in a puff of smoke!
The giant cockroach closely misses you. x2
The jackal bites you but does no damage.
Casting: Summon Small Mammal (safe; 2% risk of failure)
Confirm with . or Enter, or press ? or * to list all spells.
The jackal bites your bat. The jackal closely misses you.
The giant cockroach misses you.
Your bat hits the giant cockroach but does no damage.
Casting: Summon Small Mammal (safe; 2% risk of failure)
Confirm with . or Enter, or press ? or * to list all spells.
Your bat disappears in a puff of smoke!
The jackal bites you but does no damage.
The giant cockroach barely misses you.
Your quokka closely misses the frilled lizard.
The frilled lizard barely misses you. The jackal bites you.
Your quokka barely misses the frilled lizard.
The jackal closely misses you. The jackal bites you.
* * * LOW HITPOINT WARNING * * *
The frilled lizard bites your rat.
Your quokka closely misses the frilled lizard.
Your rat bites the frilled lizard.
The frilled lizard dies!
The jackal bites you but does no damage.
The jackal attacks as you move away! The jackal closely misses you.
Your rat barely misses the jackal.
The jackal attacks as you move away! The jackal bites you.
* * * LOW HITPOINT WARNING * * *
Your quokka barely misses the jackal.
The jackal closely misses you. The jackal attacks as you move away!
The jackal misses you. The jackal bites you.
You die...

#.......##..#
#....r..##..#
#.......##..#
#.......##..#
#.....rr##..#
###.....h..h#
#.#######B# #.
#h# #. #@# ..
##+##### #.#
#... #......
#.# ... #.....
#.# #.. #....
#.# #.. #...
#.# #.##
#.##### #.#
###..###†....#
#.#
.[...........#
#.#


You could see 2 jackals and a giant cockroach.

Vanquished Creatures
  A bat (D:1)
1 creature vanquished.

Vanquished Creatures (collateral kills)
  A dart slug (D:1)
  An endoplasm (D:1)
  2 giant cockroaches (D:1)
  2 frilled lizards (D:1)
6 creatures vanquished.

Grand Total: 7 creatures vanquished

Notes
Turn   | Place    | Note
-------+----------+-------------------------------------------
     0 | D:1      | pascalblue the Deep Elf Summoner began the quest for the
                  | Orb.
     0 | D:1      | Reached XP level 1. HP: 10/10 MP: 6/6
     2 | D:1      | Noticed a felid
     2 | D:1      | Noticed a merfolk
     5 | D:1      | Noticed a gargoyle
     5 | D:1      | Noticed a troll
     8 | D:1      | Noticed a vampire
    10 | D:1      | Noticed a demigod
    10 | D:1      | Noticed an elf
    12 | D:1      | Noticed a dwarf
    14 | D:1      | Noticed a draconian
    16 | D:1      | Noticed a ghoul
    18 | D:1      | Noticed a tengu
    18 | D:1      | Noticed a naga
    20 | D:1      | Noticed a minotaur
    20 | D:1      | Noticed a vine stalker
    22 | D:1      | Noticed an octopode
    22 | D:1      | Noticed a demonspawn
    24 | D:1      | Noticed an ogre
    26 | D:1      | Noticed a human
    26 | D:1      | Noticed a formicid
    28 | D:1      | Noticed a spriggan
   312 | D:1      | Reached XP level 2. HP: 14/15 MP: 5/8
   335 | D:1      | Slain by a jackal

Illustrated notes

Levels and vault maps discovered:
D:1:      kb_arrival_jail, layout_basic

Action                   || total
-------------------------++-------
Melee: Unarmed           ||    16
 Cast: Summon Small Mamm ||    10
 Stab: Distracted        ||     1
Armor: Robe              ||    13
Dodge: Dodged            ||    25

Table legend: (Time is in decaauts)
 A = Elapsed time spent in this place.
 B = Non-inter-level travel time spent in this place.
 C = Inter-level travel time spent in this place.
 D = Time resting spent in this place.
 E = Time spent auto-exploring this place.
 F = Levels seen in this place.
 G = Mean time per level.
                   A        B        C        D        E       F      G
               +--------+--------+--------+--------+--------+-----+--------+
         Total |    335 |    335 |      0 |      0 |    259 |   1 |  335.0 |
       Dungeon |    335 |    335 |      0 |      0 |    259 |   1 |  335.0 |
               +--------+--------+--------+--------+--------+-----+--------+

Top non-repeatable levels by time:
     D:1: 335 daAuts
